[Event "*** SCC Grand Prix: Titled Tuesday Blitz"]
[Site "Chess.com"]
[Date "2020.06.23"]
[Round "4"]
[White "francyIM"]
[Black "Novoselski"]
[Result "0-1"]
[WhiteElo "2587"]
[BlackElo "2316"]
[TimeControl "180+1"]
[EndTime "10:39:53 PDT"]
[Termination "Novoselski won by resignation"]

1. d4 e6 2. c4 f5 3. Nc3 Nf6 4. Bg5 Be7 5. e3 O-O 6. Bd3 b6 7. Nge2 Bb7 8. O-O a5 9. f3 Na6 10. a3 d6 11. Nf4 Qd7 12. h4 e5 13. Bxf6 Bxf6 14. Nfd5 Bxh4 15. f4 e4 16. Bc2 Qf7 17. Bb3 Kh8 18. c5 Qg6 19. cxb6 cxb6 20. Nxb6 Rad8 21.
Nc4 Qh6 22. Ne2 Bc6 23. g3 Be7 24. Kg2 Bb5 25. Nc3 Be8 26. Rh1 Qg6 27. Nd5 Bf6 28.
Nxa5 Bf7 29. Qe2 Nb8 30. Rh3 Bg8 31. Rah1 h6 32. Nxf6 Qxf6 33. Bxg8 Rxg8 34. b4 Qe6 35. Nc4 Rc8 36. d5 Qf6 37. a4 Na6 38. Nb6 Rc7 39. b5 Nc5 40. g4 fxg4 41. Qxg4 Nd3 42. Kg3 Rc2 43. Nd7 Rg2+ 44. Kxg2 Qb2+ 0-1

[Event "*** SCC Grand Prix: Titled Tuesday Blitz"]
[Site "Chess.com"]
[Date "2020.06.23"]
[Round "4"]
[White "catalin009"]
[Black "iverichighladze"]
[Result "1-0"]
[WhiteElo "2316"]
[BlackElo "2441"]
[TimeControl "180+1"]
[EndTime "10:39:53 PDT"]
[Termination "catalin009 won by checkmate"]

1. e4 Nf6 2. e5 Nd5 3. d4 d6 4. c4 Nb6 5. exd6 cxd6 6. Nc3 g6 7.
Be3 Bg7 8. Rc1 O-O 9. b3 Nc6 10. Be2 e5 11. dxe5 dxe5 12. Nf3 Nd4 13. O-O Nxe2+ 14.
Qxe2 Bd7 15. Rfd1 Qe8 16. c5 Nc8 17. Nd5 Rb8 18. Bh6 f6 19. Bxg7 Kxg7 20. a4 Bc6 21. Qc4 Ne7 22. Nc7 Qc8 23. Ne6+ Kh8 24. Nxf8 Bxf3 25.
Qf7 Qxf8 26. Qxf8+ Rxf8 27. gxf3 Nc6 28. Rd7 Nd4 29. Kg2 Rb8 30. b4 h5 31. h4 Nf5 32. b5 Nxh4+ 33. Kh3 Nxf3 34. c6 bxc6 35. bxc6 Ng5+ 36. Kg2 Ne6 37. Rd6 Nf4+ 38. Kf3 Rc8 39. c7 Kg7 40. Rd8 Rxc7 41. Rxc7+ Kh6 42. Rxa7 f5 43.
a5 Kg5 44. a6 e4+ 45. Ke3 Ng2+ 46. Ke2 h4 47. Kf1 h3 48. Rh7 Nh4 49. Kg1 Nf3+ 50.
Kh1 Kg4 51. a7 f4 52. a8=Q e3 53. Qc8+ Kg5 54. Rd5+ Kf6 55. Qc6# 1-0

[Event "*** SCC Grand Prix: Titled Tuesday Blitz"]
[Site "Chess.com"]
[Date "2020.06.23"]
[Round "4"]
[White "Ladislav1969"]
[Black "PawnEatingZombie"]
[Result "0-1"]
[WhiteElo "2301"]
[BlackElo "2107"]
[TimeControl "180+1"]
[EndTime "10:39:54 PDT"]
[Termination "PawnEatingZombie won on time"]

1. e4 c6 2. d4 d5 3. e5 Bf5 4. Nd2 e6 5. Nb3 Nd7 6. Nf3 Bg6 7. Be3 Nh6 8. h4 Nf5 9. Bg5 Be7 10. Bxe7 Nxe7 11.
h5 Bf5 12. Nh4 h6 13. Nxf5 Nxf5 14. Bd3 Qg5 15. g3 f6 16. exf6 Qxf6 17. Qe2 O-O-O 18. O-O-O Rde8 19. c3 Rhf8 20. Qg4 Kb8 21. f4 Ne3 22. Qe2 Nxd1 23. Rxd1 Ka8 24. Nd2 c5 25. Nf3 cxd4 26. cxd4 Rc8+ 27. Kb1 Qe7 28. Re1 Rf6 29. Nh2 Qb4 30.
Ng4 Qxd4 31. Nxf6 Nxf6 32. Bg6 Qc5 33. Qxe6 Ne4 34. Bxe4 dxe4 35. Qxe4 Qf2 36. Rc1 Rxc1+ 37. Kxc1 a6 38. Qd3 Qe1+ 39. Kc2 Qe8 40. g4 Qc8+ 41. Kd2 Qxg4 42. Qd8+ Ka7 43. Qd4+ Ka8 0-1

[Event "*** SCC Grand Prix: Titled Tuesday Blitz"]
[Site "Chess.com"]
[Date "2020.06.23"]
[Round "4"]
[White "topotun"]
[Black "VincentKeymer"]
[Result "1/2-1/2"]
[WhiteElo "2689"]
[BlackElo "2846"]
[TimeControl "180+1"]
[EndTime "10:39:55 PDT"]
[Termination "Game drawn by repetition"]

1. e4 e6 2. d4 d5 3. Nd2 b6 4.
e5 c5 5. c3 Ne7 6. Ndf3 Nec6 7.
Be3 Be7 8. h4 Ba6 9. Bxa6 Nxa6 10. Ne2 Nc7 11. h5 Qd7 12. h6 g6 13. g3 c4 14. Kf1 b5 15. Bg5 O-O-O 16. Kg2 a5 17. Qd2 Kb7 18. Nh2 Rb8 19. Ng4 b4 20. Bxe7 Qxe7 21.
Nf6 Ne8 22. Ng4 g5 23. Ng1 Rg8 24. Nf3 f5 25. exf6 Nxf6 26. Nxf6 Qxf6 27. Qe3 g4 28. Nh2 Rbf8 29. Rhf1 Qg6 30. Rae1 Rf6 31. f3 gxf3+ 32. Rxf3 Rxf3 33. Qxf3 Ne7 34. Qf4 Nf5 35. Nf1 Nxh6 36. Qd6 Qc2+ 37. Kh1 Ng4 38. Qd7+ Kb8 39. Qd6+ Kb7 40.
Qd7+ Ka8 41. Qc6+ Ka7 42. Qc7+ Ka6 43. Qc6+ Ka7 44. Qc7+ Ka8 45. Qc6+ Ka7 1/2-1/2

[Event "*** SCC Grand Prix: Titled Tuesday Blitz"]
[Site "Chess.com"]
[Date "2020.06.23"]
[Round "4"]
[White "Orest_Vovk"]
[Black "politeplayer"]
[Result "1-0"]
[WhiteElo "2397"]
[BlackElo "2174"]
[TimeControl "180+1"]
[EndTime "10:39:55 PDT"]
[Termination "Orest_Vovk won by resignation"]

1. h4 e5 2. h5 d5 3. h6 Nxh6 4. d4 exd4 5. Bxh6 gxh6 6. Qxd4 Rg8 7. Nc3 Bg7 8. Qd3 Nc6 9. O-O-O Be6 10. Qxh7 Qg5+ 11.
e3 O-O-O 12. Nf3 Qf6 13. Qd3 a6 14. Rh5 Nb4 15. Qd4 Qe7 16. Qa7 Bxc3 17. bxc3 Nc6 18. Qa8+ Kd7 19. Qxb7 Rb8 20. Rdxd5+ Bxd5 21. Rxd5+ Ke8 22.
Qxc6+ Kf8 23. Qxh6+ Rg7 24. Rg5 Qa3+ 25. Kd2 Qd6+ 26.
Qxd6+ cxd6 27. Rxg7 Kxg7 28. Bxa6 Ra8 29. Bc4 Kf6 30.
Bd5 Rb8 31. e4 Rb1 32. Nd4 Rf1 33. Ke2 Rg1 34. g3 Rc1 35. Bb3 Ra1 36. f4 Ke7 37.
Bd5 f6 38. Nf5+ Kd7 39. Ne3 Rg1 40. Kf2 Rh1 41. g4 Rh2+ 42. Kg3 Rh1 43. g5 Rg1+ 44. Ng2 fxg5 45. fxg5 Ke7 46. Kf2 Rc1 47. Bb3 d5 48.
exd5 Kd6 49. g6 Ke7 50. d6+ Kxd6 51. g7 1-0

[Event "*** SCC Grand Prix: Titled Tuesday Blitz"]
[Site "Chess.com"]
[Date "2020.06.23"]
[Round "4"]
[White "etesungam"]
[Black "Violord"]
[Result "0-1"]
[WhiteElo "2415"]
[BlackElo "2627"]
[TimeControl "180+1"]
[EndTime "10:39:56 PDT"]
[Termination "Violord won by resignation"]

1. d4 Nf6 2. c4 e6 3. Nc3 Bb4 4. e3 O-O 5. Ne2 d5 6. a3 Be7 7. Ng3 Nbd7 8. Bd3 c5 9. O-O cxd4 10. exd4 dxc4 11. Bxc4 Nb6 12. Bb3 Nbd5 13. Bg5 h6 14. Bxf6 Nxf6 15. Qd3 b6 16. Bc2 Bb7 17. Nh5 g6 18. Nf4 g5 19. Nh5 Re8 20. Nxf6+ Bxf6 21. Qh7+ Kf8 22. Qxh6+ Bg7 23. Qh5 Qxd4 24. Rad1 Qh4 25. Qxh4 gxh4 26. Rd7 Bc6 27. Rc7 Rec8 28. Rxc8+ Rxc8 29. Rc1 Rd8 30. Bb3 Rd2 31. Nd1 Be4 32. Kf1 Bd3+ 33.
Kg1 Bxb2 34. Nxb2 Rxb2 35. Bd1 Ra2 36. a4 Kg7 37. g3 h3 38. Bg4 Rxa4 39. Bxh3 b5 40.
Bf1 Bxf1 41. Kxf1 a5 42. Rc5 Rb4 43. Rc6 a4 44. Ra6 Rb3 45. Ra5 a3 46. Kg2 b4 47.
h4 Rb2 48. h5 a2 49. g4 b3 50. g5 Rb1 51. Rxa2 0-1

[Event "*** SCC Grand Prix: Titled Tuesday Blitz"]
[Site "Chess.com"]
[Date "2020.06.23"]
[Round "4"]
[White "dennisodessa"]
[Black "RojonR"]
[Result "0-1"]
[WhiteElo "2245"]
[BlackElo "2431"]
[TimeControl "180+1"]
[EndTime "10:39:56 PDT"]
[Termination "RojonR won by checkmate"]

1. c4 Nf6 2. d4 e6 3. Nc3 Bb4 4. Qc2 c5 5. dxc5 Na6 6. a3 Bxc3+ 7. Qxc3 Nxc5 8. b4 Nce4 9. Qb2 d5 10. c5 d4 11. e3 dxe3 12. Bxe3 O-O 13. Nf3 Ng4 14. Rd1 Qe7 15. Bd3 Nxe3 16. fxe3 Ng5 17. O-O Nxf3+ 18.
Rxf3 e5 19. Bc4 Bg4 20. Rxf7 Rxf7 21. Bxf7+ Qxf7 22. Rf1 Qe7 23. h3 Bd7 24. Qd2 Bc6 25.
Rd1 Rf8 26. Qe2 a6 27. a4 h6 28. b5 axb5 29. axb5 Be8 30. c6 bxc6 31. bxc6 Qc7 32. Rc1 Rf6 33. Qc4+ Bf7 34. Qb5 Kh7 35. Qd3+ Bg6 36.
Qb5 Re6 37. Qd5 Rd6 38. Qf3 Rf6 39. Qd5 Be8 40. Qe4+ Kg8 41. Qd5+ Kf8 42. e4 Rxc6 43.
Rd1 Qb6+ 44. Kh1 Rf6 45. Qd8 Qe6 46. Qd3 Qf7 47. Qa3+ Qe7 48. Qd3 Qf7 49. Qa3+ Kg8 50. Rd8 Kh7 51. Kh2 Rf1 52. Qa8 Qf4+ 53. g3 Qf2# 0-1

[Event "*** SCC Grand Prix: Titled Tuesday Blitz"]
[Site "Chess.com"]
[Date "2020.06.23"]
[Round "4"]
[White "elamier"]
[Black "skoularikii"]
[Result "1-0"]
[WhiteElo "2330"]
[BlackElo "2495"]
[TimeControl "180+1"]
[EndTime "10:39:58 PDT"]
[Termination "elamier won by checkmate"]

1. d4 d5 2. Nf3 Nf6 3. e3 c5 4. c3 e6 5. Nbd2 b6 6. Bb5+ Bd7 7. Bd3 Nc6 8. O-O Bd6 9. Re1 cxd4 10. exd4 Qc7 11. Qe2 Nh5 12. Nf1 Nf4 13. Bxf4 Bxf4 14.
Ne5 Nxe5 15. dxe5 h5 16. g3 Bg5 17. h4 Be7 18. f4 g6 19. Kh2 Kf8 20. Nd2 Kg7 21. Nf3 a6 22. Bxa6 Ra7 23. Bd3 Rha8 24. a3 Ra4 25. Rad1 R4a5 26. Nd4 Bc5 27. Rc1 Be7 28. Rf1 R5a7 29. Rf2 Rh8 30. Rcf1 Raa8 31. Re1 Bc5 32. Ref1 Bxd4 33. cxd4 Rhc8 34. Qe3 Qd8 35. Kg2 b5 36. Rc2 Qb6 37. Rfc1 Rxc2+ 38. Rxc2 Ra4 39.
Rc5 b4 40. f5 exf5 41. Kh2 bxa3 42. bxa3 Rxa3 43. Rxd5 Qb2+ 44. Qe2 Qb3 45. e6 Bxe6 46. Qe5+ f6 47. Qxe6 Ra2+ 48. Kh3 Qxd3 49. Qe7+ Kh6 50.
Qf8+ Kh7 51. Rd7# 1-0

[Event "*** SCC Grand Prix: Titled Tuesday Blitz"]
[Site "Chess.com"]
[Date "2020.06.23"]
[Round "4"]
[White "nrvisakh"]
[Black "Matveev_Vladimir"]
[Result "1-0"]
[WhiteElo "2783"]
[BlackElo "2542"]
[TimeControl "180+1"]
[EndTime "10:39:59 PDT"]
[Termination "nrvisakh won by resignation"]

1. d4 Nf6 2. c4 g6 3. Nc3 Bg7 4. e4 O-O 5. Be2 d6 6. Be3 a5 7.
g4 e5 8. d5 Na6 9. h4 Nc5 10. f3 h5 11. g5 Nh7 12. Qd2 f6 13.
Nh3 Bxh3 14. Rxh3 fxg5 15. hxg5 a4 16. O-O-O Rf4 17. Rg3 Rh4 18. Rg2 b6 19. Nb5 Qe7 20. Kb1 Rf8 21. Qc2 Rh3 22. Rf1 Rf4 23. Nc3 Nxg5 24.
Bxf4 exf4 25. e5 Kh7 26. Rfg1 Rg3 27. Rxg3 fxg3 28. f4 Nh3 29. Rxg3 Nxf4 30. e6 Qf6 31. Bd1 b5 32. Nxb5 a3 33. Nxc7 Qd8 34. Nb5 axb2 35. Rf3 Be5 36. a4 Qa5 37. e7 Nxa4 38. Qxa4 Qd2 39.
Qc2 Qa5 40. Na3 Qa8 41. Qa4 1-0

[Event "*** SCC Grand Prix: Titled Tuesday Blitz"]
[Site "Chess.com"]
[Date "2020.06.23"]
[Round "4"]
[White "zurzan"]
[Black "alexsergeyev"]
[Result "0-1"]
[WhiteElo "1937"]
[BlackElo "2376"]
[TimeControl "180+1"]
[EndTime "10:40:00 PDT"]
[Termination "alexsergeyev won by checkmate"]

1. f4 d5 2. Nf3 Nh6 3. g3 Bg4 4. Bg2 e6 5. O-O c5 6. h3 Bxf3 7. Bxf3 Nc6 8. d3 Nf5 9. Qe1 Qb6 10. c3 c4+ 11. d4 h5 12. a4 h4 13. g4 Ng3 14. Rf2 Bd6 15. e3 Qc7 16. Rg2 O-O-O 17. Na3 a6 18. Rb1 Kb8 19. b4 cxb3 20. Rxb3 Na5 21. Rb1 Rc8 22. c4 Bxa3 23. Bxa3 Nxc4 24. Bc5 f5 25. g5 Ne4 26. Bxe4 fxe4 27. Rg4 Qa5 28.
Qxa5 Nxa5 29. Rb6 Rc6 30. Rxc6 Nxc6 31. Bd6+ Kc8 32. g6 Kd7 33. Be5 Nxe5 34. fxe5 Rh6 35. Kf2 b5 36. axb5 axb5 37. Ke2 b4 38. Kd2 Kc6 39.
Kc2 Kb5 40. Kb3 Rh8 41. Rg5 Rf8 42. Rh5 Rf3 43. Rh7 Rxe3+ 44. Kb2 Kc4 45. Rxg7 Re2+ 46. Kb1 Kb3 47. Kc1 Rg2 48. Rh7 Kc3 49. Rxh4 Rg1# 0-1

[Event "*** SCC Grand Prix: Titled Tuesday Blitz"]
[Site "Chess.com"]
[Date "2020.06.23"]
[Round "4"]
[White "Stormeman100100"]
[Black "Fortitudine"]
[Result "1/2-1/2"]
[WhiteElo "2475"]
[BlackElo "2260"]
[TimeControl "180+1"]
[EndTime "10:40:00 PDT"]
[Termination "Game drawn by repetition"]

1. e4 c5 2. Nf3 d6 3. Bb5+ Nd7 4. O-O Nf6 5. Re1 a6 6. Bf1 b5 7. a4 b4 8. d4 cxd4 9. Qxd4 Qb6 10. Qxb6 Nxb6 11. e5 dxe5 12. Nxe5 Bb7 13. a5 Nbd5 14. c4 bxc3 15. Nxc3 e6 16. Bg5 Bb4 17. Nd3 Bxc3 18. bxc3 Nxc3 19. Rec1 Nfd5 20. Nc5 Bc8 21. Bd2 Nb5 22.
Rab1 Nbc7 23. Na4 O-O 24. Nb6 Rb8 25. Rxc7 Nxc7 26. Bf4 Rb7 27. Rc1 Nd5 28. Nxd5 exd5 29. Bxa6 Rb4 30. Bd6 Bxa6 31. Bxb4 Rc8 32. Rd1 Bc4 33.
f3 f6 34. Kf2 Rc6 35. Re1 Kf7 36. Re7+ Kg6 37. Rb7 Ba6 38. Ra7 Bb5 39. Bf8 Kf5 40.
Bxg7 Rc2+ 41. Kg3 Bf1 42. Kh4 Rxg2 43. Bf8 Rxh2+ 44. Kg3 Rg2+ 45. Kh4 Rh2+ 46. Kg3 Rg2+ 47. Kh4 Rh2+ 1/2-1/2

[Event "*** SCC Grand Prix: Titled Tuesday Blitz"]
[Site "Chess.com"]
[Date "2020.06.23"]
[Round "4"]
[White "WildTricks"]
[Black "nitpicker"]
[Result "1-0"]
[WhiteElo "2481"]
[BlackElo "2170"]
[TimeControl "180+1"]
[EndTime "10:40:00 PDT"]
[Termination "WildTricks won on time"]

1. e4 d5 2. exd5 Qxd5 3. Nc3 Qd8 4. d4 Nf6 5. Nf3 Bf5 6. Bd3 Bxd3 7. Qxd3 c6 8. O-O e6 9. Re1 Nbd7 10. Bg5 Be7 11. Rad1 O-O 12. h3 Qc7 13. Bh4 Rfe8 14. Bg3 Bd6 15.
Bxd6 Qxd6 16. Ne5 Rad8 17. Nxd7 Rxd7 18. Ne4 Nxe4 19. Qxe4 Qd5 20. Qe2 Qxa2 21. b3 Qa5 22.
Qc4 Qb6 23. Rd3 Rd5 24. Re4 Red8 25. Qc3 g6 26. Qd2 Qc7 27. Rh4 f5 28. g4 Qe7 29.
Rh6 Qg7 30. gxf5 exf5 31. Rh4 Qe7 32. Rf4 c5 33. c4 Rxd4 34. Rfxd4 cxd4 35. Rxd4 Re8 36. Kg2 b6 37. Rd7 Qe4+ 38. Kh2 Qe5+ 39. Kg2 Qe4+ 40.
Kg1 Qf3 41. Rd3 Qe4 42. Re3 Qb1+ 43. Kg2 Rxe3 44. Qxe3 1-0

[Event "*** SCC Grand Prix: Titled Tuesday Blitz"]
[Site "Chess.com"]
[Date "2020.06.23"]
[Round "4"]
[White "Sanan_Sjugirov"]
[Black "Leonid_Starozhilov"]
[Result "1-0"]
[WhiteElo "2866"]
[BlackElo "2722"]
[TimeControl "180+1"]
[EndTime "10:40:01 PDT"]
[Termination "Sanan_Sjugirov won by resignation"]

1. e4 g6 2. d4 Bg7 3. Nc3 d6 4. Be3 a6 5. Qd2 b5 6. h4 h5 7. O-O-O Nf6 8. f3 Bb7 9. Nh3 Nbd7 10. Ng5 Nh7 11. Nxh7 Rxh7 12. Kb1 c6 13. Ne2 Qc7 14.
Nc1 c5 15. dxc5 Nxc5 16. Bd4 Be5 17. Nb3 Nxb3 18. axb3 Bxd4 19. Qxd4 Rc8 20. Qd2 Rh8 21. Bd3 Kf8 22. Rhe1 Kg7 23. Qg5 e5 24. f4 Qd8 25.
Qg3 exf4 26. Qxf4 Qf6 27. Qe3 Qe5 28. Rf1 Rhe8 29. Rf4 Re7 30. Rdf1 Rcc7 31. g4 d5 32.
gxh5 Qxh5 33. Be2 Qe5 34. h5 dxe4 35. hxg6 fxg6 36. Rh4 g5 37. Rh5 Kg6 38. Rg1 Rc5 39. Rhxg5+ Qxg5 40. Qxc5 Re5 41. Rxg5+ Rxg5 42. Qb6+ Kf5 43.
Qxb7 Kf4 44. Qc7+ Ke3 45. Bd1 Rg1 46. Qc5+ 1-0

[Event "*** SCC Grand Prix: Titled Tuesday Blitz"]
[Site "Chess.com"]
[Date "2020.06.23"]
[Round "4"]
[White "Volodar_Murzin"]
[Black "chenxiaoyuer"]
[Result "1-0"]
[WhiteElo "2703"]
[BlackElo "2361"]
[TimeControl "180+1"]
[EndTime "10:40:01 PDT"]
[Termination "Volodar_Murzin won by resignation"]

1. e4 c5 2. Nf3 d6 3. Bb5+ Bd7 4. Bxd7+ Nxd7 5. O-O Ngf6 6. Re1 e6 7. c3 Be7 8. d4 O-O 9. Nbd2 Rc8 10. a3 Re8 11.
Nf1 cxd4 12. cxd4 d5 13. e5 Ne4 14. Ng3 Nxg3 15. hxg3 Qb6 16. Re2 Rc4 17. Be3 Rec8 18. g4 Qc6 19. Qe1 a5 20. Qxa5 b5 21. Qe1 b4 22.
axb4 Bxb4 23. Qd1 Nb6 24. b3 Rc3 25. Bd2 Rd3 26. Qb1 Bc3 27. Ra2 Qb5 28. b4 Bxd2 29. Rexd2 Rdc3 30. Rdc2 Qd3 31. Ne1 Qxd4 32. Rxc3 Qxc3 33.
Nf3 Rc4 34. b5 Rxg4 35. Qd1 g6 36. Ra6 Nc4 37. Ra8+ Kg7 38. Rc8 Re4 39. Rc7 Qb4 40. Kh2 Rf4 41. Ng5 Nxe5 42. Nxe6+ Kf6 43. Nxf4 Qxf4+ 44. Kh1 Ng4 45. Rc6+ Kg5 46. Qxd5+ Kh4 47. g3+ Qxg3 48. fxg3+ Kxg3 1-0

[Event "*** SCC Grand Prix: Titled Tuesday Blitz"]
[Site "Chess.com"]
[Date "2020.06.23"]
[Round "4"]
[White "themind1hunter"]
[Black "VladimirBugayev"]
[Result "0-1"]
[WhiteElo "2429"]
[BlackElo "2279"]
[TimeControl "180+1"]
[EndTime "10:40:01 PDT"]
[Termination "VladimirBugayev won on time"]

1. e4 c6 2. d4 d5 3. Nc3 dxe4 4. Nxe4 Bf5 5. Ng3 Bg6 6. h4 h6 7. Nf3 Nd7 8. h5 Bh7 9. Bd3 Bxd3 10. Qxd3 e6 11.
Bd2 Ngf6 12. O-O-O Be7 13. Kb1 Qb6 14. Nh4 c5 15. Nhf5 Bf8 16. dxc5 Nxc5 17. Qf3 O-O-O 18. Ne3 Na4 19. Nc4 Qb5 20. b3 Nb6 21. Nxb6+ Qxb6 22. Bc3 Be7 23. Bxf6 Bxf6 24. Ne4 Qc6 25. Qe3 Be7 26. f3 b6 27. Qf4 f5 28. Nf2 Bf6 29. Qe3 e5 30. g4 e4 31. fxe4 f4 32. Qe2 Qc3 33. e5 Bxe5 34. Qc4+ Qxc4 35. bxc4 Bd4 36. Nd3 Be3 37.
Rhf1 Rd4 38. Ne5 Re8 39. Nf3 Rxc4 40. Rd3 Rb4+ 41. Ka1 Rd8 42. Rfd1 Rxd3 43. Rxd3 Kc7 44. c3 Re4 45. Kb2 Bc5 46. Kc2 Re3 47. Kd2 a5 48.
Nh4 Rg3 0-1

[Event "*** SCC Grand Prix: Titled Tuesday Blitz"]
[Site "Chess.com"]
[Date "2020.06.23"]
[Round "4"]
[White "Igrok3069"]
[Black "TST2014"]
[Result "1-0"]
[WhiteElo "2728"]
[BlackElo "2514"]
[TimeControl "180+1"]
[EndTime "10:40:02 PDT"]
[Termination "Igrok3069 won by resignation"]

1. d4 Nf6 2. c4 d6 3. Nc3 e5 4. Nf3 Nbd7 5. e3 g6 6. g3 Bg7 7.
Bg2 O-O 8. O-O Re8 9. b3 c6 10.
dxe5 dxe5 11. Ba3 Qa5 12. Bb2 Nc5 13. Qe2 e4 14. Nd4 Bg4 15. Qc2 Nd3 16. Nxe4 Nxb2 17. Nxf6+ Bxf6 18. Qxb2 c5 19. Nc6 Bxb2 20. Nxa5 Bxa1 21.
Rxa1 Rac8 22. Nxb7 Re7 23. h3 Bd7 24. Na5 Bf5 25. a3 Rd7 26. g4 Bc2 27. Bd5 Kf8 28. Rc1 Bd3 29. Rc3 Bb1 30. f3 f5 31. Kf2 fxg4 32. hxg4 h5 33. Rc1 Bd3 34. Rd1 Bc2 35. Rd2 Bb1 36. Rb2 Bd3 37. Be6 Rcc7 38. Bxd7 Rxd7 39.
Nc6 Rd6 40. Ne5 hxg4 41. Nxg4 Bf5 42. Ne5 Ke7 43. e4 Bc8 44. Ke3 Kf6 45. Nd3 g5 46. e5+ 1-0

[Event "*** SCC Grand Prix: Titled Tuesday Blitz"]
[Site "Chess.com"]
[Date "2020.06.23"]
[Round "4"]
[White "FairChess_on_YouTube"]
[Black "Angry_Twin"]
[Result "1-0"]
[WhiteElo "2991"]
[BlackElo "2794"]
[TimeControl "180+1"]
[EndTime "10:40:03 PDT"]
[Termination "FairChess_on_YouTube won by resignation"]

1. e4 c5 2. Nc3 a6 3. Nge2 e6 4. g3 b5 5. Bg2 Bb7 6. d4 cxd4 7.
Nxd4 Nf6 8. O-O b4 9. Na4 Bxe4 10.
Bxe4 Nxe4 11. Re1 Nc5 12. Qf3 Ra7 13. Nxc5 Bxc5 14. Nb3 Bb6 15. Qg4 O-O 16. Qxb4 d5 17.
Be3 Bxe3 18. Rxe3 Nc6 19. Qd2 Qc7 20. Rc3 Qd6 21. Nd4 Ne5 22. Qf4 Nc4 23. Qxd6 Nxd6 24.
Rc6 Nc4 25. b3 Ne5 26. Rc5 g6 27. Kf1 Nd7 28. Rc6 Ne5 29. Rc3 Rb7 30. Re1 Nd7 31. a4 Nf6 32. Rc6 Ra8 33. f3 Kg7 34. a5 Nd7 35. f4 Nb8 36. Rc8 Raa7 37. c3 h5 38. b4 Kf6 39. Kf2 Ke7 40. Rxb8 Rxb8 41. Nc6+ Kd6 42. Nxb8 Kc7 43. Nxa6+ Rxa6 44. Ke3 Kc6 45. Kd4 Kb5 46. Ke5 Rc6 47. Re3 Kc4 48. Kf6 d4 49. cxd4 Kxd4 50. Ra3 1-0

[Event "*** SCC Grand Prix: Titled Tuesday Blitz"]
[Site "Chess.com"]
[Date "2020.06.23"]
[Round "4"]
[White "Kavyev_Ruslan"]
[Black "Bulldog167"]
[Result "0-1"]
[WhiteElo "2550"]
[BlackElo "2779"]
[TimeControl "180+1"]
[EndTime "10:40:03 PDT"]
[Termination "Bulldog167 won by resignation"]

1. d4 Nf6 2. c4 g6 3. Nc3 Bg7 4. e4 d6 5. Be2 O-O 6. Be3 e5 7. d5 Na6 8. g4 Nc5 9. f3 a5 10. h4 h5 11. g5 Nfd7 12. Qd2 Nb6 13. Nh3 Bd7 14. O-O-O Qe7 15. Nb5 Bxb5 16. cxb5 a4 17. Kb1 Kh8 18. Rc1 Nbd7 19. Nf2 f6 20. gxf6 Bxf6 21.
Rcg1 Rg8 22. Nh3 Raf8 23. Ng5 Bxg5 24. Bxg5 Qg7 25. Rg2 Kh7 26. Rhg1 Rf7 27. Rg3 Rgf8 28. Be3 Rf6 29. Bg5 R6f7 30. Be3 Rf6 31. R1g2 Rg8 32. Bd1 Qf8 33. Rg1 Rf4 34. Bxf4 exf4 35. Rg5 Ne5 36. Be2 Qf6 37. Qc3 b6 38. Qd2 Nf7 39. Bd1 Nxg5 40. Rxg5 Re8 41. a3 Re5 42. Qg2 Rxg5 43. hxg5 Qd4 44. Bc2 Nb3 45. Qh2 Nd2+ 46. Ka1 Nc4 47. Bxa4 Ne5 48. Bb3 Qe3 49. Ka2 Qxf3 50.
Qc2 Qg4 51. Qxc7+ Qd7 52. Qxb6 f3 53. a4 h4 54. a5 h3 55. a6 h2 56. Qb7 Qxb7 57. axb7 Nd7 58. b8=Q Nxb8 0-1

[Event "*** SCC Grand Prix: Titled Tuesday Blitz"]
[Site "Chess.com"]
[Date "2020.06.23"]
[Round "4"]
[White "GuerrieroFromLevant"]
[Black "NTBT_DHS"]
[Result "0-1"]
[WhiteElo "2426"]
[BlackElo "2635"]
[TimeControl "180+1"]
[EndTime "10:40:03 PDT"]
[Termination "NTBT_DHS won by resignation"]

1. e4 c5 2. Nf3 Nc6 3. Bb5 Nf6 4. e5 Nd5 5. Nc3 Nc7 6. Bxc6 dxc6 7. O-O g6 8. Ne4 Ne6 9. b3 Bg7 10. Bb2 O-O 11. Qe2 b6 12. Rad1 a5 13. d4 Ba6 14.
c4 cxd4 15. Nxd4 Nxd4 16. Bxd4 Qc7 17. f4 c5 18. Bb2 Rad8 19. Nc3 e6 20. Rxd8 Rxd8 21.
Rd1 Bh6 22. g3 Bb7 23. Rxd8+ Qxd8 24. Nb5 Bf8 25. Nd6 Ba8 26. Ne4 Be7 27. Kf2 Qd7 28.
Qf3 Kg7 29. Nf6 Qc8 30. Qd3 Qc6 31. Ke3 Qf3+ 32. Kd2 Qh1 33. Qe2 Bf3 34. Qf2 Qd1+ 35. Ke3 Bc6 36. Qd2 Qf1 37. Qf2 Qb1 38. Qd2 Qxa2 39.
g4 Qxb3+ 40. Qc3 Qd1 41. f5 exf5 42. gxf5 Qf3+ 43. Kd2 Qf4+ 44. Kd1 Bf3+ 45. Kc2 Qxf5+ 46. Kb3 Bd1+ 47. Ka3 b5 48. cxb5 c4+ 49. Ka2 Bb3+ 50. Ka1 Qf1+ 51. Qc1 Qe2 52. e6 Bxf6 53. Bxf6+ Kxf6 54.
Qb2+ Qxb2+ 55. Kxb2 Kxe6 56. b6 Kd6 0-1

[Event "*** SCC Grand Prix: Titled Tuesday Blitz"]
[Site "Chess.com"]
[Date "2020.06.23"]
[Round "4"]
[White "stolencandy13"]
[Black "csati17"]
[Result "1-0"]
[WhiteElo "2430"]
[BlackElo "2607"]
[TimeControl "180+1"]
[EndTime "10:40:05 PDT"]
[Termination "stolencandy13 won by resignation"]

1. e4 e6 2. d4 d5 3. Nd2 Nf6 4. e5 Nfd7 5. Bd3 c5 6. c3 Nc6 7.
Ne2 cxd4 8. cxd4 f6 9. exf6 Nxf6 10. O-O Bd6 11. Nf3 O-O 12. Bf4 Bxf4 13. Nxf4 Ng4 14.
Qd2 Qd6 15. g3 e5 16. dxe5 Ncxe5 17. Be4 Bf5 18. Qxd5+ Qxd5 19. Bxd5+ Kh8 20. Nxe5 Nxe5 21. Rfe1 Rfe8 22. Kg2 Rad8 23. Bxb7 g5 24. Nh5 Rb8 25. Be4 Nd3 26. Bxd3 Bxd3 27. Rxe8+ Rxe8 28. Nf6 Re2 29. b4 Kg7 30. Ng4 Be4+ 31. Kg1 Rb2 32. a3 h5 33. Ne3 h4 34. Nc4 Rc2 35. Nd6 Bg6 36. b5 h3 37. a4 Rd2 38. Nc8 Rd7 39. b6 axb6 40. Nxb6 Ra7 41. a5 Bd3 42. Nc8 Ra6 43. Nb6 g4 44. Nd5 Be4 45. Nb4 Ra7 46. a6 Kf6 47.
Re1 Kf5 48. Rd1 Ke5 49. Re1 Kf5 50. Re3 Ke5 51. Nc6+ Kd5 52. Nxa7 1-0

[Event "*** SCC Grand Prix: Titled Tuesday Blitz"]
[Site "Chess.com"]
[Date "2020.06.23"]
[Round "4"]
[White "MateSchmate"]
[Black "Vuk2000"]
[Result "1-0"]
[WhiteElo "2470"]
[BlackElo "2631"]
[TimeControl "180+1"]
[EndTime "10:40:06 PDT"]
[Termination "MateSchmate won on time"]

1. e4 e6 2. d4 d5 3. Bd3 c5 4. exd5 exd5 5. dxc5 Bxc5 6. Nf3 Nf6 7. O-O O-O 8. Bg5 h6 9. Bh4 Bg4 10. Nbd2 Nc6 11.
Be2 Re8 12. Nb3 Bd6 13. Bg3 Ne4 14. Bxd6 Qxd6 15. c3 Re7 16. Nfd4 Bxe2 17. Nxe2 Rae8 18.
Ng3 g6 19. Qd3 Nf6 20. Rad1 h5 21. f3 Re3 22. Qb1 Ne5 23. Rfe1 Qb6 24. Nd4 Nc4 25. b3 Na3 26. Qc1 Rxe1+ 27. Rxe1 Rxe1+ 28. Qxe1 Nb5 29. Ne2 Qc5 30. a4 Nd6 31. Qd2 a6 32. Qd3 Kg7 33.
g3 Qb6 34. Kg2 Qc7 35. Nf4 Qe7 36. Nde2 Nf5 37. Kf2 Qc5+ 38. Nd4 Nxd4 39. Qxd4 Qxd4+ 40. cxd4 Kf8 41. Nd3 Nd7 42. Ke3 Ke7 43. Nc5 Kd6 44.
Nd3 b6 45. g4 Nf6 46. h3 hxg4 47. fxg4 Ne4 48. Ne5 Ke6 49. h4 Nd6 50. Kf4 b5 51.
h5 gxh5 52. gxh5 bxa4 53. bxa4 Kf6 54. Ng4+ Kg7 55. Ke5 Nc4+ 56. Kxd5 Nb6+ 57. Kc6 Nxa4 58. d5 f5 59. d6 Nc3 60. d7 fxg4 61. d8=Q 1-0

[Event "*** SCC Grand Prix: Titled Tuesday Blitz"]
[Site "Chess.com"]
[Date "2020.06.23"]
[Round "4"]
[White "Kildepiotr"]
[Black "MF1966Idrisov"]
[Result "1-0"]
[WhiteElo "2594"]
[BlackElo "2345"]
[TimeControl "180+1"]
[EndTime "10:40:06 PDT"]
[Termination "Kildepiotr won by resignation"]

1. Nf3 d5 2. g3 c6 3. Bg2 e6 4. O-O f5 5. d3 Nf6 6. Nbd2 Be7 7. e4 O-O 8. Qe2 dxe4 9. dxe4 Na6 10. Re1 Bc5 11.
e5 Nd5 12. Nb3 Bb6 13. a3 Nc5 14. Nxc5 Bxc5 15. c4 Ne7 16. b4 Bb6 17. Rd1 Qe8 18. Be3 Ng6 19. Bxb6 axb6 20. Rd6 Qe7 21. h4 Re8 22. h5 Nf8 23. Qe3 b5 24. c5 Qc7 25.
Rad1 Ra6 26. R1d3 Ra7 27. Qg5 Qe7 28. Qxe7 Rxe7 29. Rd8 Ra8 30. Ng5 h6 31. Nh3 Kf7 32. Nf4 Re8 33. Bf3 Ke7 34. R8d6 Ra7 35. g4 fxg4 36.
Bxg4 Ra8 37. Kg2 Ra7 38. Kg3 Ra6 39. Rf3 Nd7 40. Rxe6+ Kd8 41. Rxe8+ Kxe8 42. Bxd7+ Bxd7 43. e6 Bc8 44. Kg4 b6 45. cxb6 Rxb6 46. Kf5 c5 47.
bxc5 Rc6 48. Rc3 Ke7 49. Nd5+ Ke8 50. Nf4 Ke7 51. Kg6 Bxe6 52. Nxe6 Rxe6+ 53. Kxg7 Rc6 54. f4 Ke6 55. Kxh6 Kf5+ 56. Kg7 Rc7+ 57. Kf8 Kf6 58. Ke8 Ke6 59. Kd8 Rd7+ 60. Kc8 Rh7 61. c6 Kd6 62. c7 b4 63. axb4 Rxh5 64. Kb7 Rb5+ 65. Ka6 1-0